 Dungeon Crawl Stone Soup version 0.17-a0-465-g279efb6 (webtiles) character file.

75202 PolkaDot the Black Belt (level 15, -5/139 HPs)
             Began as a Yellow Draconian Monk on Apr 5, 2015.
             Was an Elder of Qazlal.
             Slain by a redback (12 damage)
             ... on level 8 of the Lair of Beasts on Apr 6, 2015.
             The game lasted 01:41:53 (26342 turns).

PolkaDot the Black Belt (Yellow Draconian Monk)    Turns: 26342, Time: 01:41:54

Health: -5/139     AC: 16    Str: 12 (13) XL:     15   Next: 9%
Magic:  14/19      EV: 23    Int: 15      God:    Qazlal [****..]
Gold:   1383       SH:  5    Dex: 16      Spells: 2 memorised, 3 levels left

rFire  . . .     SeeInvis .       - Unarmed
rCold  + . .     Clarity  .     (armour unavailable)
rNeg   + . .     SustAb   .     (no shield)
rPois  +         Gourm    .     (helmet restricted)
rElec  +         Spirit   .     g - +2 cloak
rCorr  +         Warding  +     d - +2 pair of gloves {rC+}
rMut   .         Stasis   .     T - +0 pair of boots
MR     +....                    z - amulet of warding
Stlth  +.........               O - ring of poison resistance
                                X - ring of Zyb Ihou {rElec EV+3}

@: repel missiles, somewhat resistant to hostile enchantments, very unstealthy
A: spit acid, acid resistance, unfitting armour, low mp 1, screaming 1, acidic
bite, cold-blooded, AC +9
a: Spit Acid, Upheaval, Elemental Force, Renounce Religion


You were on level 8 of the Lair of Beasts.
You worshipped Qazlal.
Qazlal was greatly pleased with you.
You were not hungry.

You visited 3 branches of the dungeon, and saw 19 of its levels.
You also visited: Labyrinth, Ice Cave and Volcano.

You collected 1383 gold pieces.

Inventory:

Missiles
 F - 6 throwing nets (quivered)
Armour
 d - a +2 pair of gloves of cold resistance (worn)
 g - a +2 cloak (worn)
 T - a +0 pair of boots (worn)
Rods
 v - a cursed -2 rod of inaccuracy (14/14)
   (You took it off a minotaur in a labyrinth)
 Z - a -1 lightning rod (13/13)
   (You found it in a labyrinth)
Jewellery
 z - an amulet of warding (around neck)
 O - a ring of poison resistance (right hand)
 X - the ring of Zyb Ihou (left hand) {rElec EV+3}
   (You found it in a labyrinth)

   [ring of evasion]

   It affects your evasion (+3).
   It insulates you from electricity.
Magical devices
 a - a wand of heal wounds (0)
Scrolls
 h - 6 scrolls of remove curse
 o - 2 scrolls of enchant armour
 u - 4 scrolls of immolation
 w - a scroll of blinking
 I - a scroll of fear
 J - a scroll of recharging
 P - 4 scrolls of teleportation
 R - 2 scrolls of summoning
 U - a scroll of enchant weapon {unknown}
 V - a scroll of fog
Potions
 c - a potion of resistance
 l - 3 potions of restore abilities
 s - a potion of brilliance
 x - a potion of magic
Books
 f - a book of Enchantments

   Spells                             Type                      Level
   a - Cause Fear                     Hexes                        4
   b - Silence                        Hexes/Air                    5
   c - Deflect Missiles               Charms/Air                   6
   d - Haste                          Charms                       6
   e - Discord                        Hexes                        8
 n - an Akashic Record {highlevel, unknown}

   This book is beyond your current level of understanding.

   Spells                             Type                      Level
   a - Dispersal                      Translocation                6
   b - Controlled Blink               Translocation                7
   c - Malign Gateway                 Summoning/Translocation      7
   d - Disjunction                    Translocation                8
   e - Singularity                    Translocation                9
 D - an Akashic Record {highlevel, unknown}

   This book is beyond your current level of understanding.

   Spells                             Type                      Level
   a - Dispersal                      Translocation                6
   b - Controlled Blink               Translocation                7
   c - Malign Gateway                 Summoning/Translocation      7
   d - Disjunction                    Translocation                8
   e - Singularity                    Translocation                9
Comestibles
 b - 10 bread rations
 i - 10 fruits
 j - 3 beef jerkies
 k - 5 meat rations
 m - a poisonous chunk of flesh
 t - 2 royal jellies
 Q - a slice of pizza
 S - 17 chunks of flesh


   Skills:
 + Level 14.4 Fighting
 - Level 10.9 Dodging
 - Level 1.7 Stealth
 * Level 18.4 Unarmed Combat
 + Level 8.4 Invocations


You had 3 spell levels left.
You knew the following spells:

 Your Spells              Type           Power        Failure   Level  Hunger
v - Summon Mana Viper     Hex/Summ       #.......     100%        5    ######.
D - Deflect Missiles      Chrm/Air       #.........   100%        6    #######


Dungeon Overview and Level Annotations

Branches:
Dungeon (10/15)            Temple (1/1) D:6            Lair (8/8) D:10
 Shoals (0/5) Lair:3        Snake (0/5) Lair:3        Slime (0/6) Lair:6
    Orc (0/4) D:9

Altars:
Ashenzari
Cheibriados
Dithmenos
Elyvilon
Fedhas
Gozag
Kikubaaqudgha
Makhleb
Nemelex Xobeh
Okawaru
Qazlal
Ru
Sif Muna
Trog
Vehumet
Xom
Yredelemnul
Zin
The Shining One
Jiyva

Shops:
D:5 (


Innate Abilities, Weirdness & Mutations

You can spit globs of acid.
You are resistant to acid.
Your golden yellow scales are hard (AC +9).
Your body does not fit into most forms of armour.
You have acidic saliva.
You are cold-blooded and may be slowed by cold attacks.
Your magical capacity is low (-10% MP).
You occasionally shout uncontrollably at your foes.


Message History

The redback bites your water elemental!
Your water elemental is engulfed in freezing vapours.
Your water elemental hits the redback!
Your water elemental engulfs the redback in water!
You block the spriggan's attack.
You barely miss the spriggan. You punch the spriggan!
You kill the spriggan!
Qazlal accepts your kill. The redback bites your water elemental!
Your water elemental is destroyed!
Your water elemental is engulfed in freezing vapours.
Your water elemental is struck by lightning.
Your water elemental barely misses the redback.
The redback is engulfed in freezing vapours.
The redback bites you.
* * * LOW HITPOINT WARNING * * *
You closely miss the redback. Your bite misses the redback.
The redback is severely wounded.
The redback bites you!
You die...

****♣♣♣♣* *,,,....♣**
***,,,*♣....♣♣♣ *,,,*****♣..♣.♣♣
♣♣####### ,****
*♣..÷)♣♣♣..#....######## ,* ****
*♣..)).♣♣..#......#...#. ** *,,*
*♣..♣♣.§÷.§..#....#.#....
****,,**♣..♣*♣♣†@sE.......P......
,**,,,,*♣i.* ♣♣♣§§........P..P..
,**,,,,,♣.** ♣.÷).......PPP...
,**,,,,,.,,* ♣♣................
,*******,,** ♣.................
,* *,** ♣..<.............. **
***,,* *♣...............P. *
**,,,,* ♣..................
*,,,*,* ♣.?............,...


You could see a redback and a friendly water elemental.

Vanquished Creatures
  A minotaur (Lab)
  4 hydras
  Harold (D:10)
  A catoblepas (Lair:4)
  The ghost of oplop the Frost Mage, a powerful OpIE of Vehumet (Lab)
  An anaconda (Lair:4)
  6 death yaks
  Sonja (Lair:3)
  An unseen horror (D:10)
  2 ice devils (IceCv)
  A hill giant (D:7)
  2 lindwurms
  2 ice statues (IceCv)
  A cyclops (D:10)
  An ugly thing (Volcano)
  A toenail golem (Volcano)
  3 sirens (Lair:3)
  Maurice (D:9)
  8 black mambas
  25 elephants
  A torpor snail (Lair:7)
  2 centaur skeletons (D:9)
  18 spiny frogs
  An efreet (Volcano)
  6 fire drakes
  9 komodo dragons
  A spriggan druid (Lair:8)
  A merfolk (Lair:3)
  9 blue devils (IceCv)
  4 polar bears (Lair:8)
  Grinder (D:5)
  27 blink frogs
  A fire vortex (Volcano)
  A shadow (D:10)
  5 redbacks (Lair:8)
  A deep elf mage (D:9)
  Sigmund (D:5)
  2 fire elementals
  A water elemental (Lair:8)
  5 spriggans (Lair:8)
  11 hippogriffs
  48 yaks
  Eustachio (D:6)
  8 basilisks
  5 wyverns
  19 wolves
  A steam dragon (Lair:6)
  4 nagas (Lair:3)
  3 wargs (D:10)
  15 water moccasins
  4 phantoms
  18 porcupines
  A wasp (Lair:8)
  8 ice beasts
  5 orc warriors
  3 black bears
  3 sky beasts
  7 ogres
  2 boring beetles (Lair:7)
  3 centaurs
  11 crocodiles
  A brain worm (Lair:5)
  2 big kobolds
  19 giant frogs
  An earth elemental (Volcano)
  A wyvern skeleton (D:9)
  4 scorpions
  13 killer bees
  4 electric eels
  6 crimson imps
  2 jellies
  3 goliath beetles
  14 orc wizards
  Crazy Yiuf (D:5)
  3 giant frog skeletons
  13 orc priests
  Jessica (D:2)
  8 hounds
  Terence (D:2)
  7 iguanas
  A statue (D:8)
  A killer bee zombie (D:8)
  10 worker ants
  21 sheep
  A hound skeleton (D:7)
  A mummy (D:6)
  A worker ant zombie (D:7)
  A gnoll (D:1)
  25 adders
  57 river rats
  A shadow imp (D:9)
  3 white imps (IceCv)
  4 worms
  8 ufetubi (IceCv)
  3 giant geckos
  An ooze (D:3)
  66 orcs
  2 ball pythons
  17 bats
  A bat skeleton (D:4)
  A bat zombie (D:8)
  3 giant cockroaches
  7 goblins
  14 hobgoblins
  5 jackals
  24 kobolds
  22 quokkas
  A giant gecko skeleton (D:4)
  5 giant newts
  21 rats
  A bush (Lair:2)
  4 butterflies
  74 fungi
  52 plants
904 creatures vanquished.

Vanquished Creatures (collateral kills)
  A dire elephant (Lair:7)
  2 polar bears (Lair:8)
  A spriggan (Lair:8)
  2 wolves (Lair:8)
  An adder (Lair:3)
7 creatures vanquished.

Vanquished Creatures (others)
  3 air elementals
  3 water elementals (Lair:8)
  4 river rats
  6 ufetubi (IceCv)
  2 butterflies (Lair:3)
  10 fungi
  7 plants
  11 toadstools (Lair:7)
46 creatures vanquished.

Grand Total: 957 creatures vanquished

Notes
Turn   | Place    | Note
--------------------------------------------------------------
     0 | D:1      | PolkaDot, the Draconian Monk, began the quest for the Orb.
     0 | D:1      | Reached XP level 1. HP: 19/19 MP: 1/1
   265 | D:1      | Reached XP level 2. HP: 23/26 MP: 2/2
   748 | D:1      | Reached XP level 3. HP: 10/31 MP: 3/3
  1074 | D:2      | Found a snail-covered altar of Cheibriados.
  1075 | D:2      | Found a sacrificial altar of Ru.
  1096 | D:2      | You fall through a shaft for 2 floors!
  1437 | D:4      | Reached XP level 4. HP: 38/40 MP: 4/4
  1579 | D:4      | Noticed a scorpion
  1586 | D:4      | Killed a scorpion
  1586 | D:4      | Reached skill level 5 in Unarmed Combat
  1717 | D:4      | Reached XP level 5. HP: 27/46 MP: 5/5
  1880 | D:4      | Noticed an ogre
  1895 | D:4      | Killed an ogre
  1928 | D:4      | Found a shadowy altar of Dithmenos.
  1949 | D:4      | Noticed a phantom
  1970 | D:4      | Killed a phantom
  1970 | D:4      | Reached skill level 6 in Unarmed Combat
  1970 | D:4      | Reached XP level 6. HP: 43/53 MP: 6/6
  2451 | D:5      | Entered Level 5 of the Dungeon
  2525 | D:5      | Reached skill level 5 in Fighting
  2599 | D:5      | Found Sitas Mung's Weapon Shoppe.
  2613 | D:5      | Noticed Sigmund
  2621 | D:5      | Killed Sigmund
  2621 | D:5      | Your scales start taking on a golden yellow colour.
  2621 | D:5      | Reached XP level 7. HP: 55/61 MP: 7/7
  2651 | D:5      | Reached skill level 7 in Unarmed Combat
  2840 | D:5      | Noticed Grinder
  2841 | D:5      | Paralysed by Grinder for 5 turns
  2852 | D:5      | Killed Grinder
  2852 | D:5      | Reached skill level 5 in Dodging
  2868 | D:5      | Reached XP level 8. HP: 26/70 MP: 8/8
  3156 | D:5      | Noticed Crazy Yiuf
  3168 | D:5      | Killed Crazy Yiuf
  3177 | D:5      | Got a bone hammer
  3178 | D:5      | Identified the +1 hammer of Lies {drain, rPois rC+} (You found it on level 5 of the Dungeon)
  3331 | D:5      | Found a glowing golden altar of the Shining One.
  3517 | D:6      | Found a staircase to the Ecumenical Temple.
  3527 | D:6      | Reached skill level 8 in Unarmed Combat
  3602 | Temple   | Entered the Ecumenical Temple
  4126 | D:6      | Noticed Eustachio
  4133 | D:6      | Reached skill level 9 in Unarmed Combat
  4175 | D:6      | Reached XP level 9. HP: 31/79 MP: 9/9
  4212 | D:6      | Killed Eustachio
  4779 | D:7      | Noticed a hill giant
  4786 | D:7      | Killed a hill giant
  4786 | D:7      | Reached skill level 10 in Unarmed Combat
  5901 | D:8      | Found a radiant altar of Vehumet.
  6124 | D:8      | Found a shimmering altar of Xom.
  6125 | D:8      | Found a shimmering altar of Xom.
  6126 | D:8      | Found a shimmering altar of Xom.
  6154 | D:8      | Found a shimmering altar of Xom.
  6298 | D:8      | Reached skill level 11 in Unarmed Combat
  6301 | D:8      | Reached XP level 10. HP: 43/90 MP: 10/10
  6438 | D:8      | Found an ancient bone altar of Kikubaaqudgha.
  6865 | D:8      | Found a shimmering altar of Xom.
  6866 | D:8      | Found a shimmering altar of Xom.
  6868 | D:8      | Noticed a minotaur
  6934 | D:9      | Found a basalt altar of Yredelemnul.
  6934 | D:9      | Found a white marble altar of Elyvilon.
  7032 | D:9      | Gained mutation: You occasionally shout uncontrollably at your foes. [mutagenic meat]
  7033 | D:9      | Gained mutation: You are weak. (Str -2) [mutagenic meat]
  7034 | D:9      | Gained mutation: Your body is slowly deteriorating. [mutagenic meat]
  7482 | D:9      | Noticed Maurice
  7556 | D:9      | Got an ancient steel ring
  7559 | D:9      | Identified the ring of the Eight Beds {rPois rF- MP+9 Int+6} (You found it on level 9 of the Dungeon)
  7568 | D:9      | Killed Maurice
  7625 | D:9      | Found a staircase to the Orcish Mines.
  8474 | D:9      | Reached skill level 12 in Unarmed Combat
  9043 | D:10     | Entered Level 10 of the Dungeon
  9621 | D:10     | Reached XP level 11. HP: 39/99 MP: 11/11
  9727 | D:8      | Noticed a catoblepas
  9757 | D:9      | Noticed an iron golem
  9762 | D:9      | Noticed a cyclops
 10284 | D:10     | Noticed a cyclops
 10310 | D:10     | Killed a cyclops
 10332 | D:10     | Noticed Harold
 10353 | D:9      | Noticed an iron golem
 10365 | D:9      | Noticed an iron golem
 10973 | D:3      | Reached skill level 10 in Fighting
 11053 | D:3      | Found an opulent altar of Gozag.
 11053 | D:3      | Found a stormy altar of Qazlal.
 11057 | D:3      | Became a worshipper of Qazlal Stormbringer
 11057 | D:3      | Acquired Qazlal's first power
 11057 | D:3      | Acquired Qazlal's second power
 11118 | D:3      | Found a glowing silver altar of Zin.
 11468 | D:3      | Found a sparkling altar of Nemelex Xobeh.
 11588 | D:2      | Noticed Terence
 11595 | D:2      | Killed Terence
 11670 | D:2      | Found a sparkling altar of Nemelex Xobeh.
 11770 | D:2      | Noticed Jessica
 11780 | D:2      | Killed Jessica
 12205 | D:9      | Noticed an iron golem
 12394 | D:8      | Noticed an ice dragon
 12684 | D:10     | Killed Harold
 12684 | D:10     | Reached skill level 13 in Unarmed Combat
 12774 | D:10     | Acquired Qazlal's third power
 12790 | D:10     | Found a staircase to the Lair.
 13331 | D:10     | Noticed an unseen horror
 13335 | D:10     | Killed an unseen horror
 13592 | Lair:1   | Entered Level 1 of the Lair of Beasts
 13644 | Lair:1   | Noticed a four-headed hydra
 14364 | Lair:1   | Acquired Qazlal's fourth power
 14644 | Lair:1   | Reached skill level 14 in Unarmed Combat
 15051 | Lair:2   | Identified the Almanac of Attacks
 15145 | Lair:2   | Noticed a four-headed hydra
 15152 | Lair:2   | Killed a four-headed hydra
 15152 | Lair:2   | Reached XP level 12. HP: 108/110 MP: 12/12
 16061 | Lair:3   | Found a staircase to the Shoals.
 16079 | Lair:3   | Reached skill level 10 in Dodging
 16111 | Lair:3   | Found a frozen archway.
 16125 | IceCv    | Entered an ice cave
 16150 | IceCv    | Gained mutation: Your magical capacity is low (-10% MP). [potion of mutation]
 16150 | IceCv    | Gained mutation: You possess an exceptional clarity of mind. [potion of mutation]
 16559 | IceCv    | Acquired Qazlal's fifth power
 16579 | IceCv    | Reached skill level 15 in Unarmed Combat
 16648 | IceCv    | Identified the Incunabulum of Bewitchment
 16826 | Lair:3   | Noticed Sonja
 16840 | Lair:3   | Killed Sonja
 17241 | Lair:3   | Reached XP level 13. HP: 60/118 MP: 11/11
 17456 | Lair:3   | Found a staircase to the Snake Pit.
 17852 | Lair:3   | Learned a level 5 spell: Summon Mana Viper
 17859 | Lair:3   | Learned a level 6 spell: Deflect Missiles
 17945 | Lair:4   | Found a dark tunnel.
 17955 | Volcano  | Entered a volcano
 18101 | Volcano  | Reached skill level 1 in Invocations
 18158 | Volcano  | Paralysed by an efreet for 7 turns
 18167 | Volcano  | Paralysed by an efreet for 2 turns
 18569 | Lair:4   | Reached skill level 16 in Unarmed Combat
 20335 | Lair:5   | Reached skill level 5 in Invocations
 20640 | Lair:5   | Gained mutation: You have acidic saliva. [Yellow Draconian growth]
 20640 | Lair:5   | Reached XP level 14. HP: 69/129 MP: 16/16
 21365 | Lair:6   | Reached skill level 17 in Unarmed Combat
 21661 | Lair:6   | Found a staircase to the Slime Pits.
 21666 | Lair:6   | Found a viscous altar of Jiyva.
 22957 | Lair:7   | Lost mutation: You are weak. (Str -2) [potion of cure mutation]
 22957 | Lair:7   | Lost mutation: You possess an exceptional clarity of mind. [potion of cure mutation]
 22957 | Lair:7   | Lost mutation: Your body is slowly deteriorating. [potion of cure mutation]
 24843 | Lair:7   | Identified Sif Muna's Tome of Hexes
 25182 | Lair:8   | Entered Level 8 of the Lair of Beasts
 25205 | Lair:8   | Reached skill level 18 in Unarmed Combat
 25343 | Lair:8   | Found a labyrinth entrance.
 25385 | Lab      | Entered a labyrinth
 25529 | Lab      | Noticed oplop's ghost (powerful OpIE)
 25552 | Lab      | Killed oplop's ghost
 25593 | Lab      | Got a slimy jade ring
 25595 | Lab      | Identified the ring of Zyb Ihou {rElec EV+3} (You found it in a labyrinth)
 25610 | Lab      | Identified the Grimoire of Aerial Talismans (You found it in a labyrinth)
 26157 | Lair:8   | Reached XP level 15. HP: 104/139 MP: 19/19
 26342 | Lair:8   | Slain by a redback

Action                   |  1- 3 |  4- 6 |  7- 9 | 10-12 | 13-15 || total
-------------------------+-------+-------+-------+-------+-------++-------
Melee: Unarmed           |   110 |   120 |   487 |  1101 |  1026 ||  2844
Invok: Disaster Area     |       |       |       |       |     4 ||     4
       Elemental Force   |       |       |       |       |     6 ||     6
       Upheaval          |       |       |       |       |     1 ||     1
 Abil: Spit Acid         |       |       |    23 |    54 |     6 ||    83
Evoke: Wand              |       |       |     7 |    12 |     7 ||    26
  Use: Scroll            |     2 |       |     6 |    24 |     9 ||    41
       Potion            |       |     5 |     4 |     9 |    18 ||    36
 Stab: Sleeping          |     2 |       |     1 |     1 |       ||     4
       Distracted        |       |       |       |       |     1 ||     1
  Eat: Chunk             |     2 |     4 |    15 |    29 |    21 ||    71
       Fruit             |       |       |     1 |     1 |     8 ||    10
       Meat ration       |       |       |       |     2 |       ||     2
       Bread ration      |       |       |       |     2 |     1 ||     3
